AoeStats
← Aqua

Arena

508394903Analyzed
2v2 RM · 11d ago on Sep 22, 2026· 19m 50s· 4 players
Game mode
Random Map
Map size
Medium (4 player)
Population
200
Speed
Normal
Resources
Standard
Victory
Conquest
Starting age
Dark Age
Ending age
Imperial Age
RankedLock teamsTeams togetherTeam positionsShared explorationLock speedFull tech treeHidden civsTurbo modeCheats
Victory
Defeat
🇪🇸 Burgundians · Spain
1581
+14
🇩🇪 Mongols · Germany
1559
+15
1584
-16
🇩🇪 Cumans · Germany
1492
-13
♡ Laborchef Dr. Laugenmäusken
6:27 Loom
7:02 Loom
9:20 Feudal Age
9:55 Double-Bit Axe
12:54 Fletching
Aqua
7:06 Loom
10:06 Feudal Age
10:36 Double-Bit Axe
10:51 Gold Mining
NaY
3:49 Double-Bit Axe
7:01 Horse Collar
11:10 Feudal Age
15:29 Castle Age
14:27 Bow Saw
15:04 Scale Barding Armor
18:54 Wheelbarrow
20:33 Forging
komeL '
10:07 Feudal Age
13:47 Castle Age
12:21 Double-Bit Axe
18:46 Loom
Connection lost

Rejoining the realm…

Still unreachable

The connection could not be restored.

Session expired

The server has moved on; the page needs a fresh start.